 Dungeon Crawl Stone Soup version 0.21-a0-529-g8c7b3f5 (webtiles) character file.

179 Gerstahl the Skirmisher (level 5, -5/42 HPs)
             Began as a Demonspawn Monk on Dec 9, 2017.
             Slain by Grinder (8 damage)
             ... on level 3 of the Dungeon.
             The game lasted 00:05:35 (4134 turns).

Gerstahl the Skirmisher (Demonspawn Monk)           Turns: 4134, Time: 00:05:36

Health: -5/42      AC:  2    Str: 18 (19) XL:     5   Next: 33%
Magic:  5/5        EV: 14    Int: 11      God:
Gold:   120        SH:  0    Dex: 18      Spells: 4/4 levels left

rFire    . . .     SeeInvis .   a - +0 falchion
rCold    . . .     Gourm    +   (no shield)
rNeg     . . .     Faith    .   b - +0 robe
rPois    .         Spirit   .   (helmet restricted)
rElec    .         Reflect  .   (no cloak)
rCorr    .         Harm     .   (no gloves)
MR       +....                  (no boots)
Stlth    ++........             d - amulet of the gourmand
HPRegen  0.14/turn              m - ring of protection from magic
MPRegen  0.09/turn              (no ring)

@: mighty
A: horns 1, agile 1, powered by pain 1, strong 1, evolution 1
a: no special abilities


You were on level 3 of the Dungeon.
You were hungry.

You visited 1 branch of the dungeon, and saw 3 of its levels.

You collected 120 gold pieces.

Inventory:

Hand Weapons
 a - a +0 falchion (weapon)
Armour
 b - a +0 robe (worn)
Jewellery
 d - an amulet of the gourmand (around neck)
 m - a ring of protection from magic (left hand)
Scrolls
 e - a scroll of fog {unknown}
 f - 3 scrolls of identify {unknown}
 g - a scroll of amnesia {unknown}
 i - a scroll of blinking {unknown}
 j - 3 scrolls of remove curse {unknown}
 k - a scroll of fear {unknown}
 l - a scroll of noise {unknown}
 n - a scroll of teleportation {unknown}
 o - a scroll of immolation {unknown}
Books
 p - a book of Changes

   Spells                             Type                      Level
   a - Beastly Appendage              Transmutation                1
   b - Sticks to Snakes               Transmutation                2
   c - Spider Form                    Transmutation/Poison         3
   d - Ice Form                       Ice/Transmutation            4
   e - Blade Hands                    Transmutation                5
Comestibles
 c - a bread ration
 h - 3 meat rations


   Skills:
 + Level 4.3 Fighting
 + Level 3.9 Long Blades
 + Level 3.8 Dodging
 - Level 1.7 Stealth


You had 4 spell levels left.
You didn't know any spells.

Dungeon Overview and Level Annotations

Branches:
Dungeon (3/15)

Altars:

Annotations:
D:2 Sigmund
D:3 Grinder


Innate Abilities, Weirdness & Mutations

You have a pair of small horns on your head.
You sometimes gain a little power by taking damage.
You are agile. (Dex +2)
Your muscles are strong. (Str +2)
You evolve.


Message History

Grinder is heavily wounded.
Grinder hits you!
* * * LOW HITPOINT WARNING * * *
You focus on the pain.
You feel very mighty all of a sudden.
You writhe in agony.
* * * LOW HITPOINT WARNING * * *
You barely miss Grinder.
Grinder is heavily wounded.
Grinder misses you.
You hit Grinder. Your headbutt misses Grinder.
Grinder is severely wounded.
Grinder says, "My boss said I was rubbish.
His entrails said otherwise."
Grinder gestures at you. You resist with almost no effort.
You barely miss Grinder.
Grinder is severely wounded.
Grinder says, "Mostly I couldn't keep them alive."
Grinder hits you!
You die...

###..####.#.......#
#.......####.#### ##)###### #...#
### #.###########.# ..#
#.##.......##.# #.#
#.##.......##.#
#.###############.##..####.##.###
.................................
#.##.#...#.##..5@.....####...#.##
#.##.......##..##.##..####.....#
..####...##.......##.........###
#.####...##.#..#..##.#####...#
...............#.###.# #...#
†...#######.##.......# #...#
.>.............#.##### #...####
.....#####..##.#.#########.......
...#.# #..##.#.##...........###


You could see Grinder.

Vanquished Creatures
  A hound (D:3)
  An orc priest (D:3)
  5 adders
  An ooze (D:2)
  4 worms
  6 dart slugs
  A leopard gecko (D:1)
  2 orcs (D:3)
  A giant cockroach (D:2)
  7 goblins
  3 hobgoblins (D:1)
  2 jackals (D:3)
  2 quokkas (D:2)
  2 bats
  3 frilled lizards
  6 kobolds
  3 rats (D:1)
50 creatures vanquished.

Notes
Turn   | Place    | Note
-------+----------+-------------------------------------------
     0 | D:1      | Gerstahl the Demonspawn Monk began the quest for the Orb.
     0 | D:1      | Reached XP level 1. HP: 18/18 MP: 1/1
   248 | D:1      | Gained mutation: You sometimes gain a little power by taking damage. [demonic ancestry]
   248 | D:1      | Reached XP level 2. HP: 4/24 MP: 2/2
  1163 | D:2      | Reached XP level 3. HP: 14/29 MP: 3/3
  1706 | D:2      | Noticed Sigmund
  1724 | D:2      | Gained mutation: You evolve. [potion of mutation]
  1724 | D:2      | Gained mutation: Your muscles are strong. (Str +2) [potion of mutation]
  2070 | D:2      | Reached XP level 4. HP: 24/37 MP: 4/4
  2752 | D:2      | Gained mutation: You are agile. (Dex +2) [evolution]
  3146 | D:3      | Reached skill level 4 in Fighting
  3375 | D:3      | Noticed Grinder
  3487 | D:3      | Gained mutation: You have a pair of small horns on your head. [demonic ancestry]
  3487 | D:3      | Reached XP level 5. HP: 17/42 MP: 5/5
  3568 | D:3      | HP: 2/42 [orc priest/falchion (1)]
  4131 | D:3      | HP: 2/42 [Grinder (5)]
  4134 | D:3      | Slain by Grinder

Vault maps used:
D:1:      eino_arrival_cavern_a, kennysheep_minor_cross
D:2:      first_bread, uniq_sigmund
D:3:      uniq_grinder

Skill      XL: |  1  2  3  4 |
---------------+-------------+-----
Long Blades    | 3 |  3.9
Dodging        | 3 |  3.8
Fighting       | 4 |  4.3
Stealth        | |  1.7

Action                   |  1- 3 |  4- 6 || total
-------------------------+-------+-------++-------
Melee: Falchion          |   105 |    84 ||   189
       Headbutt          |       |    10 ||    10
  Use: Potion            |     3 |     1 ||     4
 Stab: Sleeping          |     7 |     4 ||    11
       Distracted        |       |     1 ||     1
  Eat: Chunk             |     3 |     2 ||     5
       Bread ration      |       |     1 ||     1
Armor: Robe              |     9 |     8 ||    17
Dodge: Dodged            |    49 |    40 ||    89
       Rpst.: Falchion   |    14 |    16 ||    30

Table legend:
 A = Spawn XP
 B = Non-spawn XP
 C = Spawn XP percentage of total XP
 D = Spawn monster count
 E = Non-spawn monster count
 F = Spawn count percentage of total count
 G = Total turns spent on level
                    A         B        C        D         E        F      G
               +---------+---------+-------+---------+---------+-------+---------
         Total |       0 |     257 |   0.0 |       0 |      50 |   0.0 |  4134
               +---------+---------+-------+---------+---------+-------+---------
           D:1 |       0 |      29 |   0.0 |       0 |      18 |   0.0 |  1311
           D:2 |       0 |      97 |   0.0 |       0 |      20 |   0.0 |  1800
           D:3 |       0 |     131 |   0.0 |       0 |      12 |   0.0 |  1023
               +---------+---------+-------+---------+---------+-------+---------
